 Dungeon Crawl Stone Soup version 0.17.1-3-g152610e (webtiles) character file.

402 partizan the Slasher (level 6, -3/44 HPs)
             Began as a Vampire Gladiator on Apr 20, 2016.
             Slain by an ogre
             ... wielding a +0 giant spiked club
              (15 damage)
             ... on level 4 of the Dungeon.
             The game lasted 00:43:02 (3191 turns).

partizan the Slasher (Vampire Gladiator)            Turns: 3191, Time: 00:43:03

Health: -3/44      AC:  9    Str: 14    XL:     6   Next: 55%
Magic:  6/6        EV:  6    Int: 11    God:
Gold:   218        SH:  0    Dex: 16    Spells: 0 memorised, 5 levels left

rFire  . . .     SeeInvis +     a - +0 long sword
rCold  + . .     Clarity  .     o - +0 scale mail
rNeg   + + .     SustAt   .     (no shield)
rPois  +         Gourm    .     c - +0 helmet
rElec  .         Spirit   .     (no cloak)
rCorr  .         Warding  .     m - +1 pair of gloves
rMut   .         Stasis   .     (no boots)
MR     .....                    (no amulet)
Stlth  ++........               (no ring)
                                (no ring)

@: regenerating slowly, not resistant to hostile enchantments, unstealthy
A: fangs 3, see invisible, unbreathing
a: Bat Form


You were on level 4 of the Dungeon.
You were very thirsty.

You visited 1 branch of the dungeon, and saw 4 of its levels.

You collected 218 gold pieces.

Inventory:

Hand Weapons
 a - a +0 long sword (weapon)
 p - a +0 short sword of flaming
Missiles
 d - 3 throwing nets (quivered)
Armour
 b - a +0 leather armour
 c - a +0 helmet (worn)
 g - a +0 pair of gloves
 m - a +1 pair of gloves (worn)
 n - a +0 plate armour
 o - a +0 scale mail (worn)
 t - a +0 robe
 A - a +0 chain mail
 D - a +0 ring mail
Wands
 s - a wand of frost (9)
Scrolls
 f - 2 scrolls of teleportation {unknown}
 h - 5 scrolls of identify
 i - 3 scrolls of remove curse
 j - a scroll of random uselessness {unknown}
 k - a scroll of fog {unknown}
 r - a scroll of enchant armour {unknown}
 v - a scroll of immolation {unknown}
 w - 2 scrolls of magic mapping {unknown}
 y - a scroll of enchant weapon {unknown}
 z - 2 scrolls of noise {unknown}
 B - a scroll of recharging {unknown}
 C - a scroll of blinking {unknown}
Potions
 e - 20 potions of blood
 l - a potion of agility {unknown}
 q - a potion of lignification {unknown}
 u - a potion of curing
 x - a potion of degeneration {unknown}


   Skills:
 - Level 1.7 Fighting
 * Level 5.5 Long Blades
 - Level 1.5 Throwing
 + Level 5.1 Dodging
 + Level 5.1 Stealth


You had 5 spell levels left.
You didn't know any spells.

Dungeon Overview and Level Annotations

Branches:
Dungeon (4/15)
 Temple: D:4-7

Altars:
Fedhas
Ru
Sif Muna


Innate Abilities, Weirdness & Mutations

You heal slowly.
You have razor-sharp teeth.
You have supernaturally acute eyesight.
You can survive without breathing.


Message History

The adder bites you but does no damage.
You closely miss the adder. Your bite misses the adder.
The adder is heavily wounded.
The adder bites you.
* * * LOW HITPOINT WARNING * * *
You closely miss the adder.
The adder is heavily wounded.
The adder bites you but does no damage. The adder barely misses you.
An adder comes into view.
You barely miss the adder. Your bite misses the adder.
The adder is heavily wounded.
The adder bites you but does no damage.
You closely miss the adder.
The adder is heavily wounded.
The adder closely misses you. The adder bites you but does no damage.
You slash the adder!
You kill the adder!
There is a stone staircase leading up here.
The ogre hits you with a giant spiked club!
You die...

......#.#.#####
###..#...... ...##.#.#.#
#.##...... ...##.....#
#.##...... #.#####...#
##..##...... #<# #.(..#
##..###...... #.# #....#
######..# #...... #.#
#.#..# #..>....# #......
.. #.#..#### #.......#
#....=.
#.##[...###@.>...(#
##.#### #.
#.##.#.O.......#####.# #.
#.##.#.#.........##..#
#.#....#.......#.[..##
#.#.#..........##........
#.#†######..[#....######.
#..S# ##....#### #..##
#....# #... #.....


You could see an ogre.

Vanquished Creatures
  Duvessa (D:4)
  Dowan (D:4)
  Jessica (D:2)
  Terence (D:2)
  Natasha (thrice) (D:2)
  An orc wizard (D:3)
  A hound skeleton (D:4)
  4 adders
  An ooze (D:2)
  2 worms (D:3)
  2 giant geckos (D:2)
  5 orcs
  2 ball pythons
  8 bats
  8 hobgoblins
  3 jackals (D:1)
  2 quokkas
  8 giant cockroaches
  2 giant newts (D:1)
  4 goblins
  A jackal skeleton (D:4)
  7 kobolds
  A quokka zombie (D:4)
  8 rats
77 creatures vanquished.

Notes
Turn   | Place    | Note
--------------------------------------------------------------
     0 | D:1      | partizan the Vampire Gladiator began the quest for the Orb.
     0 | D:1      | Reached XP level 1. HP: 16/16 MP: 1/1
   215 | D:1      | Reached XP level 2. HP: 20/22 MP: 2/2
   221 | D:1      | Reached skill level 1 in Stealth
   671 | D:2      | Noticed Terence
   672 | D:2      | Noticed Natasha
   678 | D:2      | Killed Terence
   678 | D:2      | Reached XP level 3. HP: 27/27 MP: 3/3
   703 | D:2      | Killed Natasha
   703 | D:2      | Reached skill level 4 in Dodging
   703 | D:2      | Reached XP level 4. HP: 24/33 MP: 4/4
   744 | D:2      | Noticed Natasha
   751 | D:2      | Killed Natasha
   768 | D:2      | Noticed Natasha
   810 | D:2      | Killed Natasha
  1266 | D:2      | Noticed Jessica
  1273 | D:2      | Killed Jessica
  1384 | D:2      | Reached XP level 5. HP: 35/38 MP: 5/5
  1802 | D:3      | Found a deep blue altar of Sif Muna.
  1925 | D:3      | Found a blossoming altar of Fedhas.
  1982 | D:3      | Found a sacrificial altar of Ru.
  2618 | D:4      | Noticed Duvessa
  2619 | D:4      | Noticed Dowan
  2630 | D:4      | Killed Duvessa
  2630 | D:4      | Reached skill level 5 in Long Blades
  2630 | D:4      | Reached XP level 6. HP: 44/44 MP: 6/6
  2664 | D:4      | Killed Dowan
  2664 | D:4      | Reached skill level 5 in Dodging
  2664 | D:4      | Reached skill level 5 in Stealth
  3166 | D:4      | Noticed an ogre
  3191 | D:4      | Slain by an ogre

Action                   |  1- 3 |  4- 6 || total
-------------------------+-------+-------++-------
Melee: Long sword        |    60 |   209 ||   269
  Use: Scroll            |       |     2 ||     2
       Potion            |       |     2 ||     2
 Stab: Sleeping          |     3 |     5 ||     8
       Paralysed         |       |     1 ||     1
